 Dungeon Crawl Stone Soup version 0.31-a0-162-gc4c5a43528 (webtiles) character file.

Game seed: 10446690719442139359

670 qw the Shooter (level 7, -2/44 HPs)
             Began as a Gargoyle Hunter on June 12, 2023.
             Slain by a wight
             ... wielding a +0 mace
              (6 damage)
             ... on level 5 of the Dungeon.
             The game lasted 00:01:27 (3398 turns).

qw the Shooter (Gargoyle Hunter)                    Turns: 3398, Time: 00:01:28

Health: -2/44      AC: 15    Str: 15    XL:     7   Next: 58%
Magic:  7/7        EV: 11    Int:  9    God:
Gold:   224        SH:  0    Dex: 15    Spells: 6/6 levels left

rFire   . . .        Y - +0 shortbow
rCold   . . .        (shield currently unavailable)
rNeg    + + .        h - +0 ring mail
rPois   inf          m - +0 helmet
rElec   +            (no cloak)
rCorr   .            l - +1 pair of gloves
SInv    .            d - +1 pair of boots
Will    .....        (no amulet)
Stlth   +            c - ring of positive energy
HPRegen 0.27/turn    (no ring)
MPRegen 0.10/turn

%: no passive effects
@: no status effects
A: sickness immunity, AC +4, negative energy resistance 1, electricity
resistance, torment resistance 1, petrification resistance
a: no special abilities


You were on level 5 of the Dungeon.
You visited 1 branch of the dungeon, and saw 5 of its levels.

You collected 289 gold pieces.
You spent 65 gold pieces at shops.


Innate Abilities, Weirdness & Mutations

You are immune to sickness and miasma.
Your stone body is resilient. (AC +4)
You are immune to poison.
You resist negative energy. (rN+)
You are resistant to electric shocks. (rElec)
You are resistant to unholy torment.
You are immune to petrification.


   Skills:
 - Level 5.2 Fighting
 + Level 7.4 Ranged Weapons
 - Level 2.3 Armour
 - Level 1.5 Dodging
 - Level 1.1 Stealth


You had 6 spell levels left.
You didn't know any spells.
Your spell library was empty.

Inventory:

Hand Weapons
 Y - a +0 shortbow (weapon)
Armour
 d - a +1 pair of boots (worn)
 h - a +0 ring mail (worn)
 l - a +1 pair of gloves (worn)
 m - a +0 helmet (worn)
Jewellery
 c - a ring of positive energy (left hand)
 e - a ring of ice
 i - a ring of fire
Scrolls
 f - a scroll of identify
 k - 2 scrolls of teleportation
Potions
 a - a potion of cancellation
 b - a potion of haste {unknown}
 g - 3 potions of curing
 n - a potion of attraction {unknown}

Dungeon Overview and Level Annotations

Branches:
Dungeon (5/15)
 Temple: D:4-7

Altars:
Makhleb
Sif Muna

Shops:
D:2 ?   D:4 :[(   D:5 (

Annotations:
D:2 1 runed translucent door, Crazy Yiuf


Message History

The gnoll barely misses you.
You shoot an arrow. The arrow hits the gnoll.
The gnoll is moderately wounded.
The gnoll barely misses you.
A wight comes into view. It is wielding a +6 falchion.
You shoot an arrow. The arrow hits the gnoll.
The gnoll is severely wounded.
The gnoll hits you but does no damage.
You shoot an arrow. The arrow completely misses the gnoll.
The arrow closely misses the wight.
The arrow hits the wight.
The wight is moderately damaged.
The gnoll hits you but does no damage. The gnoll barely misses you.
You shoot an arrow. The arrow hits the gnoll.
You kill the gnoll!
The wight hits you with a +6 falchion.
You shoot an arrow. The arrow hits the wight.
The wight is moderately damaged.
You shoot an arrow. The arrow barely misses the wight.
You shoot an arrow. The arrow closely misses the wight.
The wight hits you with a +0 mace!
The wight hits you with a +0 long sword.
The wight barely misses you.
You shoot an arrow.
The arrow hits the wight but does no damage.
The wight is moderately damaged.
The wight closely misses you. The wight hits you with a +6 falchion.
The wight hits you with a +0 long sword.
You shoot an arrow.
The arrow hits the wight but does no damage.
The wight is moderately damaged.
The wight closely misses you. The wight barely misses you. x2
You shoot an arrow.
The arrow hits the wight but does no damage.
The wight is moderately damaged.
The wight closely misses you. x2; The wight hits you but does no damage.
You shoot an arrow. The arrow barely misses the wight.
The wight hits you but does no damage. x2
The wight hits you with a +0 long sword!
The wight hits you with a +0 mace.
You die... ........ ..# .######. #.# #. # #.# 777777 #. #)# 7\.... #.# #.# 777777

...#z# #.. #.#.#z####
#.# #...z@z..# #..
#..##)##.# #.. #.
#.##.# #.. #..#.# #)#
##.#.# ######.[
.##>###.#.# #...####
..........######.......
..#####.###........####
#.###.#####.##


You could see 4 wights.

Vanquished Creatures
  Sigmund (D:2)
  An ogre (D:4)
  A wight (D:5)
  A howler monkey (D:4)
  A jelly (D:5)
  3 hounds
  An orc wizard (D:3)
  6 adders
  5 gnolls
  4 worms
  6 orcs
  6 ball pythons
  7 endoplasms
  5 goblins
  6 hobgoblins
  7 jackals (D:3)
  2 quokkas
  9 bats
  2 frilled lizards
  7 kobolds
  7 rats
88 creatures vanquished.

Notes
Turn   | Place    | Note
-------+----------+-------------------------------------------
     0 | D:1      | qw the Gargoyle Hunter began the quest for the Orb.
     0 | D:1      | Reached XP level 1. HP: 12/12 MP: 1/1
     0 | D:1      | 0 ||| qw: Version: 0.2-a-29-gc1b59c4
     0 | D:1      | 0 ||| qw: Game counter: 4341
     0 | D:1      | 0 ||| qw: Always use a shield: true
     0 | D:1      | 0 ||| qw: God list: Okawaru
     0 | D:1      | 0 ||| qw: Allow faded altars: false
     0 | D:1      | 0 ||| qw: Do Orc after D:15 true
     0 | D:1      | 0 ||| qw: Do second Lair branch before Depths: true
     0 | D:1      | 0 ||| qw: Lair rune preference: random
     0 | D:1      | 0 ||| qw: Plans: Normal, Zot:1-4, Slime:5, God:TSO, Crypt,
                  | Tomb, Abyss, Pan, Hells, Win
     0 | D:1      | 0 ||| PLANNING D:1-11
   155 | D:1      | Reached XP level 2. HP: 17/17 MP: 2/2
   421 | D:1      | Reached XP level 3. HP: 21/21 MP: 3/3
   561 | D:1      | 561 ||| UPGRADING to +0 pair of gloves.
   566 | D:1      | 566 ||| READING scroll labelled DIPRIUL KURGH.
   567 | D:1      | 567 ||| READING scroll labelled ZUWEMP JEICK.
   568 | D:1      | 568 ||| READING scroll labelled TICHIV CYEMAECH.
   569 | D:1      | 569 ||| READING scroll labelled YTI MEXARPH.
   570 | D:1      | 570 ||| DROPPING scroll of butterflies.
   650 | D:2      | Reached skill level 5 in Ranged Weapons
   684 | D:2      | Noticed Sigmund
   695 | D:2      | Killed Sigmund
   696 | D:2      | Reached XP level 4. HP: 18/31 MP: 4/4
   696 | D:2      | Reached XP level 5. HP: 20/35 MP: 5/5
  1067 | D:2      | Found Bileogh's Magic Scroll Emporium.
  1075 | D:2      | 1075 ||| SHOPLISTING scroll of enchant armour (97 gold,
                  | have 69).
  1075 | D:2      | 1075 ||| BUYING scroll of identify (26 gold).
  1075 | D:2      | Bought a scroll of identify for 26 gold pieces
  1075 | D:2      | 1075 ||| BUYING scroll of teleportation (39 gold).
  1075 | D:2      | Bought a scroll of teleportation for 39 gold pieces
  1075 | D:2      | 1075 ||| SHOPLISTING scroll of teleportation (39 gold, have
                  | 4).
  1253 | D:2      | Found a runed translucent door.
  1254 | D:2      | Noticed Crazy Yiuf
  1406 | D:2      | 1406 ||| UPGRADING to +1 pair of boots.
  1411 | D:2      | 1411 ||| UPGRADING to +0 ring mail.
  1421 | D:2      | 1421 ||| DROPPING +0 leather armour.
  1422 | D:2      | 1422 ||| DROPPING ring of flight.
  1423 | D:2      | 1423 ||| READING 2 scrolls of identify.
  1423 | D:2      | 1423 ||| IDENTIFYING bubbling red potion
  1898 | D:3      | Reached XP level 6. HP: 40/40 MP: 6/6
  1901 | D:3      | Reached skill level 1 in Armour
  2380 | D:3      | 2380 ||| UPGRADING to +1 pair of gloves.
  2390 | D:3      | 2390 ||| DROPPING +0 pair of gloves.
  2391 | D:3      | 2391 ||| UPGRADING to ring of positive energy.
  2392 | D:3      | 2392 ||| READING 2 scrolls labelled LEAWEDWODEU.
  2393 | D:3      | 2393 ||| READING scroll labelled FYRRAINLEWI.
  2394 | D:3      | 2394 ||| DRINKING 2 yellow potions.
  2395 | D:3      | 2395 ||| DROPPING scroll of immolation.
  2445 | D:4      | Found Osto's Weapon Boutique.
  2589 | D:4      | Found Rist's Book Emporium.
  2596 | D:4      | Reached skill level 6 in Ranged Weapons
  2666 | D:4      | Found a shimmering blue altar of Sif Muna.
  2704 | D:4      | Reached XP level 7. HP: 32/44 MP: 7/7
  2858 | D:4      | Found Qeusoamn's Armour Emporium.
  2965 | D:4      | Found a burning altar of Makhleb.
  2965 | D:4      | Noticed a blizzard demon
  3031 | D:4      | Noticed a ynoxinul
  3031 | D:4      | Noticed a hellwing
  3104 | D:4      | 3104 ||| UPGRADING to +0 helmet.
  3109 | D:4      | 3109 ||| READING scroll labelled UDOLAECIAJ.
  3117 | D:5      | Entered Level 5 of the Dungeon
  3285 | D:5      | Found Quawen's Antique Weapon Shoppe.
  3363 | D:5      | Reached skill level 7 in Ranged Weapons
  3398 | D:5      | HP: 4/44 [wight/+0 long sword (12)]
  3398 | D:5      | Slain by a wight

Levels and vault maps discovered:
D:1:      dpeg_arrival_long_road, layout_basic, hex_tiny
D:2:      minmay_spotlight, layout_basic, serial_shops, shop, uniq_sigmund,
          uniq_crazy_yiuf_cottage
D:3:      layout_basic
D:4:      layout_basic, makhleb_altar_promises_db, lemuel_crystal_altar,
          serial_shops, nicolae_shop_crystal, nicolae_take_the_stairs,
          nicolae_shop_scrapyard, nicolae_kite_square_tiling_tiny,
          corexii_leaking_fountain, minmay_cupped
D:5:      layout_loops_cross, kennysheep_ying_yang, serial_shops,
          nicolae_shop_peninsula

Skill      XL: |  1  2  3  4  5  6  7 |
---------------+----------------------+-----
Ranged Weapons | 5 6 7 |  7.4
Fighting       | 5 |  5.2
Armour         | 1 2 |  2.3
Dodging        | |  1.5
Stealth        | |  1.1

Action                     |  1- 3 |  4- 6 |  7- 9 || total
---------------------------+-------+-------+-------++-------
   Fire: Shortbow          |    77 |   174 |   100 ||   351
    Use: Scroll            |     4 |     3 |     1 ||     8
         Potion            |       |     1 |       ||     1
 Armour: Leather armour    |     6 |     2 |       ||     8
         Ring mail         |       |    56 |    34 ||    90
  Dodge: Dodged            |    21 |    65 |    36 ||   122

Table legend:
 A = Non-vault XP
 B = Vault XP
 C = Vault XP percentage of total XP
 D = Non-vault monster count
 E = Vault monster count
 F = Vault count percentage of total count
                 A         B        C        D         E       F
            +---------+---------+-------+---------+---------+-------
      Total |     697 |     261 |  27.2 |      80 |       8 |   9.1
            +---------+---------+-------+---------+---------+-------
        D:1 |      35 |       0 |   0.0 |      22 |       0 |   0.0
        D:2 |      36 |     230 |  86.5 |      11 |       4 |  26.7
        D:3 |     108 |       0 |   0.0 |      25 |       0 |   0.0
        D:4 |     239 |      31 |  11.5 |      12 |       4 |  25.0
        D:5 |     279 |       0 |   0.0 |      10 |       0 |   0.0
            +---------+---------+-------+---------+---------+-------
